 Dungeon Crawl Stone Soup version 0.24-a0-217-g1152973 (webtiles) character file.

Game seed: 4893029282860251897

15 xeno23 the Sneak (level 2, 0/19 HPs)
             Began as an Octopode Assassin on Mar 29, 2019.
             Slain by Robin
             ... wielding a +0 mace
              (10 damage)
             ... on level 2 of the Dungeon.
             The game lasted 00:01:19 (432 turns).

xeno23 the Sneak (Octopode Assassin)                 Turns: 432, Time: 00:01:20

Health: 0/19       AC:  1    Str: 10    XL:     2   Next: 50%
Magic:  2/2        EV: 13    Int: 13    God:
Gold:   12         SH:  0    Dex: 13    Spells: 1/1 levels left

rFire    . . .     SeeInvis .   e - +1 whip (drain)
rCold    . . .     Gourm    .   (no shield)
rNeg     . . .     Faith    .   (helmet restricted)
rPois    .         Spirit   .   (no amulet)
rElec    .         Reflect  .   (no ring)
rCorr    .         Harm     .   (no ring)
MR       .....                  (no ring)
Stlth    ++++......             (no ring)
HPRegen  0.06/turn              (no ring)
MPRegen  0.08/turn              (no ring)
                                (no ring)
                                (no ring)

@: no status effects
A: almost no armour, stealthy swim, amphibious, 8 rings, constrict 8, camouflage
1, gelatinous body 1
a: no special abilities


You were on level 2 of the Dungeon.
You were not hungry.

You visited 1 branch of the dungeon, and saw 2 of its levels.

You collected 12 gold pieces.

Inventory:

Hand Weapons
 a - a +2 dagger
 b - a +0 blowgun
 e - a +1 whip of draining (weapon)
Missiles
 c - 25 poisoned needles
 d - 2 curare-tipped needles
 j - 18 sling bullets
Scrolls
 g - a scroll of identify {unknown}
 h - a scroll of teleportation {unknown}
 l - a scroll of magic mapping {unknown}
Potions
 k - a potion of lignification {unknown}
 m - a potion of curing {unknown}
Comestibles
 f - 2 rations


   Skills:
 + Level 2.2 Fighting
 - Level 2.0 Short Blades
 - Level 2.0 Throwing
 + Level 1.4 Dodging
 * Level 5.8 Stealth


You had one spell level left.
You didn't know any spells.
Your spell library was empty.

Dungeon Overview and Level Annotations

Branches:
Dungeon (2/15)

Altars:

Annotations:
D:2 Robin


Innate Abilities, Weirdness & Mutations

You cannot wear most types of armour.
You are very stealthy in the water. (Stealth+)
You are amphibious.
You can wear up to eight rings at the same time.
You can use your tentacles to constrict eight enemies at once.
Your skin changes colour to match your surroundings (Stealth+).
Your rubbery body absorbs attacks. (AC +1, EV +1)


Message History

The goblin hits you with a +0 dagger. x2
You take 4 damage.
You closely miss the goblin. Your grab misses the goblin.
Robin completely misses you. The goblin completely misses you.
Robin throws the goblin at you! The goblin misses you.
Things that are here:
a +0 club; a +0 hunting sling; 20 stones You take 1 damage.
The goblin misses you.
The goblin unwields a +0 dagger.
The goblin wields a +0 hunting sling.
The goblin shoots a stone.
The stone barely misses you.
You closely miss the goblin. You grab the goblin. You constrict the goblin.
Robin throws the goblin at you! The goblin barely misses you.
You barely miss the goblin. Your grab misses the goblin.
Your squeeze misses the goblin. You constrict the goblin.
The goblin unwields a +0 hunting sling.
The goblin wields a +0 dagger.
The goblin barely misses you. The goblin hits you.
Robin hits you with a +0 mace!
Ouch! That really hurt!
You die...

#.# #.# #.#
#.# #.# #.#
#)#
...######.#
#.(...g@g.####
##......g...<#
#############


You could see Robin and 2 goblins.

Vanquished Creatures
  A dart slug (D:1)
  3 bats (D:1)
  3 goblins (D:2)
  4 hobgoblins
11 creatures vanquished.

Notes
Turn   | Place    | Note
-------+----------+-------------------------------------------
     0 | D:1      | xeno23 the Octopode Assassin began the quest for the Orb.
     0 | D:1      | Reached XP level 1. HP: 14/14 MP: 1/1
   270 | D:1      | Reached XP level 2. HP: 19/19 MP: 2/2
   414 | D:2      | Identified the +1 helmet of Patterns {rF+}
   414 | D:2      | Noticed Robin
   432 | D:2      | Slain by Robin

Levels and vault maps discovered:
D:1:      nzn_arrival_settlement, layout_rooms
D:2:      kennysheep_the_goblin_king, layout_basic, lemuel_doored_altar,
          serial_glass, glass_columns_b, glass_columns_a, serial_park_tiny_2,
          minmay_pentomino_p2, uniq_robin, uniq_terence, uniq_sigmund

Action                   || total
-------------------------++-------
Melee: Whip              ||    21
       Constrict         ||     6
       Tentacles         ||     3
       Dagger            ||     1
 Stab: Sleeping          ||     2
Armor: Skin              ||     3
Dodge: Dodged            ||    15

Table legend:
 A = Non-vault XP
 B = Vault XP
 C = Vault XP percentage of total XP
 D = Non-vault monster count
 E = Vault monster count
 F = Vault count percentage of total count
                 A         B        C        D         E       F
            +---------+---------+-------+---------+---------+-------
      Total |      14 |       8 |  36.4 |       7 |       4 |  36.4
            +---------+---------+-------+---------+---------+-------
        D:1 |      14 |       0 |   0.0 |       7 |       0 |   0.0
        D:2 |       0 |       8 | 100.0 |       0 |       4 | 100.0
            +---------+---------+-------+---------+---------+-------
